Map: Ruínas de Endion

Players

Ghost

  • Race: Terran Terran
  • League: Grandmaster

TheZergLord - Winner!

  • Race: Zerg Zerg
  • League: Master

VOD

Have the link to the VOD?

Description

Time

  • Played on: April 25, 2016, 12:01 p.m.
  • Length: 6:25
Show
View Real Time Build Order
Export as new Build Order

Ghost Terran 

Build Orders: Reaper Expand 

Get SALT Encoding   

  12  0:01  SCV  
  13  0:13  SCV  
  14  0:18  Supply Depot  
  14  0:25  SCV  
  15  0:39  SCV  
  15  0:40  Barracks  
  16  0:45  Refinery  
  16  0:51  SCV  
  17  1:03  SCV  
  18  1:15  SCV  
  19  1:28  Orbital Command  
  19  1:29  Reaper  
  20  1:42  Command Center  
  20  1:53  Supply Depot  
  20  1:55  SCV  
  20  2:01  Barracks Reactor  
  21  2:07  SCV  
  22  2:10  Barracks  
  22  2:19  SCV  
  23  2:25  Factory  
  23  2:31  SCV  
  24  2:37  Marine x2  
  24  2:44  SCV  
  27  2:51  Refinery  
  27  2:55  Marine x2  
  27  2:56  Orbital Command, SCV  
  30  3:02  Barracks Tech Lab  
  30  3:13  Marine x2  
  30  3:16  SCV  
  33  3:20  Marine  
  33  3:21  Stimpack  
  33  3:23  SCV  
  35  3:28  SCV  
  35  3:33  Starport, Marine  
  35  3:34  Marine  
  38  3:35  SCV  
  38  3:41  SCV  
  40  3:45  Supply Depot  
  40  3:47  SCV  
  41  3:49  Marine  
  41  3:50  Factory Reactor  
  41  3:53  Supply Depot, SCV  
  43  3:58  Marine x2  
  43  4:00  SCV  
  46  4:07  SCV  
  46  4:09  Supply Depot  
  49  4:13  Marine  
  50  4:17  Marine x2  
  50  4:18  SCV  
  50  4:21  Refinery  
  52  4:29  SCV  
  51  4:31  SCV  
  51  4:34  Supply Depot  
  51  4:36  Medivac x2  
  56  4:41  SCV  
  57  4:45  Marine  
  57  4:46  Marine x2  
  57  4:49  Engineering Bay x2  
  57  4:50  SCV  
  61  4:53  Liberator  
  61  5:06  Supply Depot, Bunker  
  61  5:07  SCV  
  61  5:08  Marine x2  
  61  5:09  Marauder  
  61  5:10  Bunker  
  69  5:14  SCV  
  69  5:17  Widow Mine  
  69  5:19  SCV  
  73  5:21  Supply Depot  
  73  5:26  SCV  
  73  5:27  Marine x2  
  76  5:37  SCV  
  76  5:41  SCV  
  73  5:50  Marine  
  73  5:52  Marine x2  
Show
View Real Time Build Order
Export as new Build Order

TheZergLord Zerg - Winner!

Build Orders: Hatch First 

Get SALT Encoding   

  12  0:01  Drone  
  13  0:12  Overlord  
  13  0:18  Drone  
  14  0:31  Drone x2  
  14  0:34  Drone  
  17  0:52  Hatchery  
  17  0:55  Drone  
  17  1:09  Spawning Pool  
  16  1:11  Drone  
  16  1:13  Extractor  
  16  1:17  Drone  
  17  1:21  Drone  
  18  1:29  Drone  
  19  1:39  Overlord  
  19  1:55  Queen  
  19  1:56  Zergling x2  
  19  2:00  Zergling x2  
  23  2:04  Queen  
  23  2:05  Zergling x2  
  26  2:11  Drone  
  26  2:15  Metabolic Boost  
  27  2:20  Drone  
  27  2:22  Drone  
  28  2:38  Drone x3  
  31  2:48  Hatchery  
  31  2:50  Overlord  
  30  2:54  Drone  
  30  2:55  Drone  
  32  2:59  Drone  
  32  3:05  Drone  
  34  3:07  Drone  
  34  3:12  Roach Warren  
  34  3:14  Extractor  
  34  3:16  Extractor  
  34  3:17  Drone  
  34  3:19  Drone  
  34  3:21  Drone  
  34  3:25  Drone x2  
  37  3:30  Overlord  
  37  3:39  Overlord  
  37  3:53  Roach x5  
  47  3:56  Roach  
  47  3:58  Roach  
  51  4:04  Overlord  
  51  4:08  Roach  
  53  4:21  Roach x4  
  61  4:29  Zergling x6  
  64  4:39  Zergling x8  
  64  4:42  Ravager x3  
  64  4:43  Ravager  
  72  5:07  Ravager  
  73  5:19  Overlord x3  
  73  5:37  Queen  
  67  5:48  Roach x11  
  67  5:49  Roach  
Tags
 
Add a new tag
Caveats
  • Supply blocks, unpowered buildings, or Contaminate may cause inaccurate times.
  • Supply counts are checked every 10 seconds.